 Dungeon Crawl Stone Soup version 0.14-a0-2340-g8df0fbc (webtiles) character file.

8824 4tharraofdagon the Cruncher (level 11, -1/56 HPs)
             Began as a Vine Stalker Fire Elementalist on Jan 30, 2014.
             Was a Priest of Cheibriados.
             Shot with an arrow by a centaur warrior (18 damage)
             ... on Level 13 of the Dungeon.
             The game lasted 00:33:14 (4313 turns).

4tharraofdagon the Cruncher (VSFE)                  Turns: 4313, Time: 00:33:14

HP  -1/56        AC 22     Str 20      XL: 11   Next: 33%
MP   0/26        EV 13     Int 27      God: Cheibriados [***...]
Gold 213         SH  0     Dex 27 (29) Spells:  6 memorised,  7 levels left

rFire  . . .     SeeInvis .     k - +0 lajatang
rCold  . . .     Clarity  .     m - +6 plate armour of Jigsaw {rElec rN+ Dam+5}
rNeg   + . .     Conserve .     (no shield)
rPois  .         rCorr    .     v - +0 helmet (curse)
rElec  +         rRot     +     (no cloak)
SustAb . .       Spirit   +     y - +2 pair of elf gloves
rMut   .         Warding  .     (no boots)
Saprov . . .     Stasis   .     (no amulet)
MR     +++..                    s - ring of Caugeb Pnua {Wiz +Rage MR++ Int+3 Dam+4}
                                i - +3 ring of evasion

@: agile, very slow, extremely resistant to hostile enchantments, extremely
unstealthy
A: fangs 3, regeneration 2, magic shield, antimagic bite, no device heal
a: Bend Time, Temporal Distortion, Renounce Religion, Evoke Berserk Rage


You were on level 13 of the Dungeon.
You worshipped Cheibriados.
Cheibriados was most pleased with you.
You were not hungry.

You visited 2 branches of the dungeon, and saw 14 of its levels.
You also visited: Labyrinth and Sewer.

You collected 423 gold pieces.
You spent 210 gold pieces at shops.

Inventory:

Hand weapons
 k - a +0,+0 lajatang (weapon)
 E - a +0 blowgun
 Y - a +1,+4 dagger of chaos
Missiles
 O - 13 darts of dispersal (quivered)
 T - 2 curare-tipped needles
Armour
 m - the +6 plate armour of Jigsaw (worn) {rElec rN+ Dam+5}
   (You found it in a labyrinth)

   It affects your damage with ranged weapons and melee attacks (+5).
   It insulates you from electricity.
   It protects you from negative energy.
 v - a cursed +0 helmet (worn)
 w - a +0 helmet
 y - a +2 pair of elven gloves (worn)
 H - the +5 scale mail "Klitibb" {Dex+2}
   (You found it on level 7 of the Dungeon)

   It affects your dexterity (+2).
 W - a +0 troll leather armour
 X - a +0 pair of gloves
Magical devices
 a - a wand of lightning (1)
 f - a wand of cold (9)
 j - a wand of teleportation (1)
 x - a wand of flame (14)
 I - a wand of cold (6)
 Q - a wand of draining (4)
 Z - a wand of frost (11)
Comestibles
 c - 4 bread rations
 G - 3 meat rations
Scrolls
 e - a scroll of recharging {unknown}
 o - 3 scrolls of enchant weapon I {unknown}
 t - a scroll of amnesia
 D - a scroll of fog
 F - 2 scrolls of magic mapping
 K - 4 scrolls of enchant weapon II
 P - 3 scrolls of remove curse {unknown}
Jewellery
 i - a +3 ring of evasion (left hand)
 l - the ring of Acauq {-Cast rElec EV+2}
   (You found it in a labyrinth)

   [ring of evasion]

   It affects your evasion (+2).
   It insulates you from electricity.
   It prevents spellcasting.
 r - a +3 ring of strength
 s - the ring of Caugeb Pnua (right hand) {Wiz +Rage MR++ Int+3 Dam+4}
   (You found it in a labyrinth)

   [ring of wizardry]

   It affects your intelligence (+3).
   It affects your damage with ranged weapons and melee attacks (+4).
   It affects your resistance to hostile enchantments.
   It lets you go berserk.
   Cheibriados disapproves of the use of such an item.
 z - an uncursed ring of protection from magic
 L - an uncursed ring of protection from magic
 R - an uncursed ring of sustenance
Potions
 d - 3 potions of curing
 h - a potion of beneficial mutation
 n - 8 potions of heal wounds {unknown}
 p - 2 potions of resistance {unknown}
 q - a potion of degeneration
 A - a potion of speed
 C - 2 potions of flight
 J - a potion of invisibility {unknown}
 S - a potion of magic
 U - 3 potions of poison {unknown}
Books
 b - a book of Flames

   Spells                             Type                      Level
   *Flame Tongue                      Conjuration/Fire             1
   Throw Flame                        Conjuration/Fire             2
   *Conjure Flame                     Conjuration/Fire             3
   Inner Flame                        Hexes/Fire                   3
   *Sticky Flame                      Conjuration/Fire             4
   Fireball                           Conjuration/Fire             5
 u - a book of Death

   Spells                             Type                      Level
   Corpse Rot                         Necromancy                   2
   Sublimation of Blood               Necromancy                   2
   Agony                              Necromancy                   5
   Dispel Undead                      Necromancy                   5
   Excruciating Wounds                Charms/Necromancy            5
   Bolt of Draining                   Conjuration/Necromancy       5
 N - a book of Battle

   Spells                             Type                      Level
   Infusion                           Charms                       1
   *Shroud of Golubria                Charms/Translocation         2
   *Song of Slaying                   Charms                       2
   Spectral Weapon                    Hexes/Charms                 3
   *Regeneration                      Charms/Necromancy            3
Miscellaneous
 B - a phial of floods
 V - a plain deck of war


   Skills:
 + Level 5.5 Fighting
 * Level 8.0 Staves
 + Level 4.9 Armour
 - Level 5.3 Dodging
 - Level 2.4 Stealth
 + Level 6.1 Spellcasting
 - Level 5.0 Conjurations
 - Level 6.5 Fire Magic
 + Level 4.0 Invocations
 + Level 0.0 Evocations


You had 7 spell levels left.
You knew the following spells:

 Your Spells              Type           Power        Failure   Level  Hunger
a - Flame Tongue          Conj/Fire      #####        16%         1    None
b - Conjure Flame         Conj/Fire      #####...     63%         3    None
c - Sticky Flame          Conj/Fire      #####...     97%         4    ###....
d - Song of Slaying       Chrm           #.......     99%         2    None
e - Regeneration          Chrm/Necr      #.........   100%        3    None
f - Shroud of Golubria    Chrm/Tloc      #.........   99%         2    None


Dungeon Overview and Level Annotations

Branches:
Dungeon (13/16)            Temple (1/1) D:7            Lair (0/8) D:11
    Orc: D:9-12

Altars:
Ashenzari
Cheibriados
Dithmengos
Kikubaaqudgha
Makhleb
Nemelex Xobeh
Okawaru
Sif Muna
Trog
Vehumet
Xom
Yredelemnul
Zin
The Shining One

Shops:
D:4 %   D:7 ?

Annotations:
D:5 Dowan


Innate Abilities, Weirdness & Mutations

You have razor-sharp teeth.
You heal very quickly.
When hurt, damage is shared between your health and your magic reserves.
Your bite disrupts and absorbs the magic of your enemies.
Potions and wands cannot restore your HP.


Message History

You see here 3 arrows.
Unknown command.
Unknown command.
Read which item? (? for menu, Esc to quit)
Okay, then.
Read which item? (? for menu, Esc to quit)
Okay, then.
Drink which item? (? for menu, Esc to quit)
Okay, then.
Drink which item? (? for menu, Esc to quit)
You feel agile all of a sudden.
The centaur warrior shoots an arrow.
The arrow hits you!
* * * LOW HITPOINT WARNING * * *
Unknown command.
Unknown command.
Read which item? (? for menu, Esc to quit)
As you read the scroll of fog, it crumbles to dust.
The scroll dissolves into smoke.
The centaur warrior shoots an arrow.
The arrow hits you!
You die...

###### ###########
.....>. ...........
....c... ............
........# #.... ........#
#.... .......§# #....
.......§§# #....
.......§@############....
.......§§§........>......
.......§....###########.
............# #.
............# #.
...........# #)
#######...# #. #...# ##.
#.... ...


You could see a centaur warrior.

Vanquished Creatures
  A minotaur (Lab)
  Psyche (D:9)
  A centaur zombie (D:12)
  A komodo dragon (D:11)
  2 trolls (D:9)
  A minotaur zombie (Lab)
  13 yaks
  2 shadows
  3 hungry ghosts
  Edmund (D:7)
  4 hippogriffs
  A phantom (D:8)
  3 black bears (D:9)
  2 sky beasts
  An ice beast (D:7)
  3 ogres
  5 centaurs
  Duvessa (D:5)
  A crocodile (D:11)
  2 big kobolds
  6 giant frogs
  3 eyes of draining (D:4)
  4 crimson imps
  3 goliath beetles
  A hound (D:5)
  A big fish (Sewer)
  2 jellies
  3 orc priests
  A quasit (D:9)
  3 iguanas
  5 scorpions
  A worker ant (D:5)
  2 orc wizards
  Ijyb (D:5)
  Jessica (D:3)
  2 sky beast zombies
  2 hound skeletons
  8 gnolls
  7 adders
  2 green rats
  2 giant mites
  5 worms
  An adder zombie (D:6)
  3 grey rats
  2 giant eyeballs
  15 orcs
  3 ball pythons
  2 giant cockroaches
  5 goblins
  6 hobgoblins
  12 jackals
  9 bats
  A giant cockroach zombie (D:5)
  2 giant geckos
  A giant gecko skeleton (D:6)
  4 giant newts
  2 hobgoblin skeletons (D:4)
  20 kobolds
  11 rats
  A rat skeleton (D:6)
  A plant (D:11)
215 creatures vanquished.

Notes
Turn   | Place    | Note
--------------------------------------------------------------
     0 | D:1      | 4tharraofdagon, the Vine Stalker Fire Elementalist, began the quest for the Orb.
     0 | D:1      | Reached XP level 1. HP: 9/9 MP: 3/3
   103 | D:2      | Reached XP level 2. HP: 7/13 MP: 0/5
   227 | D:2      | Reached XP level 3. HP: 16/16 MP: 5/7
   232 | D:2      | Learned a level 3 spell: Conjure Flame
   494 | D:4      | Reached XP level 4. HP: 19/21 MP: 5/9
   522 | D:5      | Entered Level 5 of the Dungeon
   528 | D:5      | Reached skill level 1 in Staves
   534 | D:5      | Learned a level 4 spell: Sticky Flame
   548 | D:5      | Noticed a centaur
   558 | D:5      | Noticed an ogre
   586 | D:5      | Killed an ogre
   586 | D:5      | Reached skill level 1 in Fighting
   586 | D:5      | Reached XP level 5. HP: 13/25 MP: 0/11
   616 | D:4      | Found a bloodstained altar of Trog.
   616 | D:4      | Noticed an eye of draining
   616 | D:4      | Noticed an eye of draining
   655 | D:4      | Killed an eye of draining
   664 | D:4      | Noticed an eye of draining
   678 | D:4      | Killed an eye of draining
   678 | D:4      | Reached skill level 1 in Armour
   678 | D:4      | Gained mutation: You heal very quickly. [vine stalker growth]
   678 | D:4      | Reached XP level 6. HP: 30/30 MP: 4/13
   686 | D:4      | Killed an eye of draining
   884 | D:3      | Reached skill level 4 in Fire Magic
  1016 | D:3      | Noticed Jessica
  1021 | D:3      | Killed Jessica
  1025 | D:3      | Found an iron altar of Okawaru.
  1084 | D:3      | Found a basalt altar of Yredelemnul.
  1204 | D:5      | Noticed a hippogriff
  1205 | D:5      | Noticed Ijyb
  1238 | D:5      | Noticed Duvessa
  1278 | D:4      | Killed a hippogriff
  1278 | D:4      | Reached XP level 7. HP: 34/34 MP: 10/16
  1293 | D:5      | Noticed Dowan
  1295 | D:5      | Killed Duvessa
  1444 | D:4      | Found Urowusme's Food Shop.
  1501 | D:3      | Found a glowing drain.
  1506 | Sewer    | Entered a sewer
  1621 | Sewer    | Found a white marble altar of Elyvilon.
  1765 | D:5      | Killed Ijyb
  1765 | D:5      | Gained mutation: You have razor-sharp teeth. [vine stalker growth]
  1765 | D:5      | Reached XP level 8. HP: 39/39 MP: 6/18
  1789 | D:5      | Paralysed by a giant eyeball for 2 turns
  2056 | D:6      | Found a shadowy altar of Dithmengos.
  2262 | D:7      | Found a staircase to the Ecumenical Temple.
  2268 | Temple   | Entered the Ecumenical Temple
  2296 | Temple   | Became a worshipper of Cheibriados the Contemplative
  2326 | D:7      | Noticed Edmund
  2335 | D:7      | Killed Edmund
  2370 | D:7      | Found a deep blue altar of Sif Muna.
  2389 | D:7      | Got a polished scale mail
  2399 | D:7      | Identified the +5 scale mail "Klitibb" {Dex+2} (You found it on level 7 of the Dungeon)
  2509 | D:7      | Reached skill level 5 in Fire Magic
  2528 | D:7      | Reached skill level 5 in Staves
  2541 | D:7      | Found Solulej's Magic Scroll Shoppe.
  2548 | D:7      | Learned a level 2 spell: Song of Slaying
  2552 | D:7      | Learned a level 3 spell: Regeneration
  2555 | D:7      | Learned a level 2 spell: Shroud of Golubria
  2563 | D:7      | Bought a scroll of magic mapping for 49 gold pieces
  2563 | D:7      | Bought a scroll of fog for 28 gold pieces
  2563 | D:7      | Bought a scroll of teleportation for 42 gold pieces
  2563 | D:7      | Bought a scroll of enchant weapon II for 77 gold pieces
  2563 | D:7      | Bought a scroll of random uselessness for 14 gold pieces
  2719 | D:8      | Reached XP level 9. HP: 38/44 MP: 13/21
  2792 | D:9      | Found a sparkling altar of Nemelex Xobeh.
  2842 | D:9      | Reached skill level 1 in Invocations
  2869 | D:9      | Found a glowing silver altar of Zin.
  2892 | D:8      | Found a burning altar of Makhleb.
  2930 | D:8      | Reached skill level 6 in Staves
  3049 | D:9      | Reached XP level 10. HP: 37/49 MP: 4/23
  3105 | D:9      | Paralysed by a giant eyeball for 3 turns
  3117 | D:9      | Paralysed by a giant eyeball for 2 turns
  3133 | D:9      | Reached skill level 5 in Conjurations
  3195 | D:9      | Noticed Psyche
  3202 | D:9      | Killed Psyche
  3284 | D:9      | Reached skill level 5 in Spellcasting
  3303 | D:9      | Reached skill level 7 in Staves
  3345 | D:9      | Found a sparkling altar of Nemelex Xobeh.
  3376 | D:10     | Entered Level 10 of the Dungeon
  3441 | D:11     | Found a labyrinth entrance.
  3460 | Lab      | Entered a labyrinth
  3551 | Lab      | Noticed a minotaur
  3561 | Lab      | Killed a minotaur
  3561 | Lab      | Reached skill level 5 in Fighting
  3561 | Lab      | Reached skill level 5 in Dodging
  3564 | Lab      | Got a bloodstained plate armour
  3573 | Lab      | Got a twitching lead ring
  3573 | Lab      | Got a vibrating glass ring
  3582 | Lab      | Reached XP level 11. HP: 32/55 MP: 6/25
  3632 | D:11     | Identified the ring of Acauq {-Cast rElec EV+2} (You found it in a labyrinth)
  3632 | D:11     | Identified the ring of Caugeb Pnua {Wiz +Rage MR++ Int+3 Dam+4} (You found it in a labyrinth)
  3661 | D:11     | Identified the +6 plate armour of Jigsaw {rElec rN+ Dam+5} (You found it in a labyrinth)
  3667 | D:10     | Noticed a hill giant
  3766 | D:11     | Found a staircase to the Lair.
  3847 | D:11     | Acquired Cheibriados' first power
  3939 | D:11     | Found a burning altar of Makhleb.
  4131 | D:12     | Reached skill level 8 in Staves
  4310 | D:13     | Noticed a centaur warrior
  4313 | D:13     | Shot with an arrow by a centaur warrior

Action                   |  1- 3 |  4- 6 |  7- 9 | 10-12 || total
-------------------------+-------+-------+-------+-------++-------
Melee: Unarmed           |    19 |       |       |       ||    19
       Dagger            |     4 |       |       |       ||     4
       Short sword       |     1 |       |       |       ||     1
       Lajatang          |    29 |    53 |   177 |   122 ||   381
 Cast: Flame Tongue      |    14 |    48 |    37 |    15 ||   114
       Conjure Flame     |     1 |     5 |    12 |    15 ||    33
       Sticky Flame      |       |       |    24 |     9 ||    33
       Regeneration      |       |       |       |     1 ||     1
       Shroud of Golubri |       |       |       |     1 ||     1
Evoke: Wand              |     1 |       |     1 |     3 ||     5
  Use: Scroll            |       |     4 |     3 |    10 ||    17
       Potion            |       |     1 |     1 |     4 ||     6
 Stab: Sleeping          |     1 |     1 |     5 |       ||     7
       Distracted        |       |       |     1 |       ||     1
